Map: 中心协议

Players

shengy - Winner!

  • Race: Zerg Zerg
  • League: Platinum

BillSlayer

  • Race: Zerg Zerg
  • League: Platinum

VOD

Have the link to the VOD?

Description

Time

  • Played on: Jan. 1, 2016, 7:49 p.m.
  • Length: 7:17
Show
View Real Time Build Order
Export as new Build Order

shengy Zerg - Winner!

Build Orders: Hatch First 

Get SALT Encoding   

  12  0:01  Drone  
  13  0:09  Drone  
  14  0:18  Overlord  
  14  0:36  Drone x3  
  17  0:47  Drone  
  18  0:58  Hatchery  
  18  1:02  Drone  
  18  1:07  Extractor  
  18  1:08  Drone  
  18  1:18  Spawning Pool  
  18  1:23  Drone  
  18  1:31  Drone  
  19  1:41  Overlord  
  19  2:05  Queen  
  21  2:09  Queen  
  21  2:11  Zergling x6  
  26  2:20  Drone  
  26  2:21  Drone  
  26  2:22  Metabolic Boost  
  28  2:24  Drone  
  28  2:40  Baneling Nest  
  27  2:50  Overlord  
  27  2:57  Overlord  
  27  2:59  Zergling x8  
  27  3:03  Evolution Chamber  
  30  3:06  Zergling x2  
  25  3:29  Zergling x2  
  25  3:30  Zergling x14  
  29  3:35  Queen  
  31  3:51  Queen  
  33  4:00  Baneling x4  
  33  4:02  Zergling x6  
  36  4:09  Zergling x4  
  38  4:27  Zergling x2  
  38  4:28  Zergling x10  
  44  4:42  Overlord  
  44  4:43  Zergling x4  
  44  4:44  Zergling x2  
  46  4:59  Overlord  
  46  5:00  Overlord  
  46  5:19  Zergling x12  
  52  5:28  Baneling x4  
  52  5:36  Zergling x6  
  40  6:23  Zergling x20  
  40  6:24  Zergling x4  
  52  6:31  Baneling x2  
  52  6:32  Baneling x6  
Show
View Real Time Build Order
Export as new Build Order

BillSlayer Zerg 

Build Orders: Pool First 

Get SALT Encoding   

  12  0:01  Drone  
  13  0:08  Drone  
  14  0:15  Extractor  
  14  0:16  Drone  
  14  0:32  Spawning Pool  
  13  0:38  Drone  
  14  0:45  Overlord  
  14  1:04  Drone x3  
  17  1:19  Queen  
  17  1:22  Zergling x2  
  20  1:27  Metabolic Boost  
  20  1:30  Zergling x2  
  21  1:37  Overlord  
  21  1:47  Zergling x2  
  22  1:58  Zergling x2  
  23  2:02  Evolution Chamber  
  22  2:11  Zergling x2  
  23  2:21  Queen  
  25  2:31  Zerg Ground Armor Level 1  
  24  2:38  Zergling x4  
  24  2:39  Zergling x4  
  27  2:57  Queen  
  29  3:12  Hatchery  
  28  3:15  Drone  
  26  3:27  Zergling x2  
  26  3:28  Zergling x6  
  30  3:34  Drone  
  30  3:43  Overlord  
  30  3:53  Overlord  
  29  4:14  Roach Warren  
  29  4:15  Drone x3  
  31  4:18  Drone x2  
  33  4:39  Drone  
  33  4:40  Drone x5  
  39  4:46  Zerg Missile Weapons Level 1  
  39  5:01  Zergling x8  
  43  5:12  Overlord  
  43  5:18  Roach x4  
  43  5:19  Overlord x2  
  51  5:35  Drone  
  52  5:36  Drone x5  
  57  5:43  Drone x3  
  60  5:50  Zergling x4  
  60  5:57  Drone  
  49  6:15  Roach  
  49  6:16  Zergling x4, Roach x2  
  49  6:17  Zergling x4  
  47  6:23  Spine Crawler  
  32  6:28  Roach  
  32  6:30  Drone x3  
  32  6:31  Drone x2  
Tags
 
Add a new tag
Caveats
  • Supply blocks, unpowered buildings, or Contaminate may cause inaccurate times.
  • Supply counts are checked every 10 seconds.